 Dungeon Crawl Stone Soup version 0.16-a0-2622-gbfab2ba (webtiles) character file.

485 RobertPalmer the Chiller (level 7, -3/41 HPs)
             Began as an Octopode Ice Elementalist on Nov 22, 2014.
             Killed by divine providence
             ... invoked by an orc priest
              (15 damage)
             ... on level 5 of the Dungeon.
             The game lasted 00:10:09 (4868 turns).

RobertPalmer the Chiller (OpIE)                     Turns: 4868, Time: 00:10:10

Health: -3/41      AC:  8    Str: 11    XL:     7   Next: 13%
Magic:  11/12      EV: 12    Int: 18    God:
Gold:   128        SH:  0    Dex: 14    Spells: 2 memorised, 6 levels left

rFire  . . .     SeeInvis .     a - +0 dagger (protect)
rCold  . . .     Clarity  .     (no shield)
rNeg   + . .     SustAb   .     h - +2 hat
rPois  .         Gourm    .     o - amulet of rage
rElec  .         Spirit   .     m - ring of positive energy
rCorr  .         Warding  .     f - +4 ring of strength
rMut   .         Stasis   .     (no ring)
MR     .....                    (no ring)
Stlth  +++.......               (no ring)
                                (no ring)
                                (no ring)
                                (no ring)

@: not resistant to hostile enchantments, fairly stealthy
A: almost no armour, amphibious, 8 rings, constrict 8, camouflage 1, gelatinous
body 1
a: Evoke Berserk Rage


You were on level 5 of the Dungeon.
You were not hungry.

You visited 1 branch of the dungeon, and saw 5 of its levels.

You collected 273 gold pieces.
You spent 145 gold pieces at shops.


Innate Abilities, Weirdness & Mutations

You cannot wear most types of armour.
You are amphibious.
You can wear up to eight rings at the same time.
You can use your tentacles to constrict many enemies at once.
Your skin changes colour to match your surroundings (Stealth).
Your rubbery body absorbs attacks (AC +1).


   Skills:
 - Level 2.0 Dodging
 - Level 2.6 Stealth
 - Level 2.0 Spellcasting
   Level 1.0 Conjurations
 + Level 7.9 Ice Magic


You had 6 spell levels left.
You knew the following spells:

 Your Spells              Type           Power        Failure   Level  Hunger
a - Ozocubu's Armour      Chrm/Ice       ###.....     14%         3    ###....
z - Freeze                Ice            ####         1%          1    #......

Inventory:

Hand weapons
 a - a +0 dagger of protection (weapon)
 b - a +0 blowgun
Missiles
 j - 2 throwing nets (quivered)
 A - 6 poisoned needles
Armour
 h - a +2 hat (worn)
Jewellery
 f - a +4 ring of strength (right tentacle)
 m - a ring of positive energy (left tentacle)
 o - an amulet of rage (around mantle)
 v - a cursed ring of teleportation
Magical devices
 e - a wand of magic darts (19)
 l - a wand of slowing (22)
Scrolls
 d - 2 scrolls of identify
 g - a scroll of enchant armour
Potions
 p - 2 potions of heal wounds {unknown}
 q - a potion of brilliance {unknown}
 r - a potion of mutation {unknown}
 s - 3 potions of curing
 t - a potion of confusion {unknown}
Books
 u - a book of Cantrips
 y - a book of Frost
Comestibles
 c - 4 bread rations
 i - 2 meat rations
 k - a slice of pizza
 n - 4 chunks of flesh {@w1}
 w - a royal jelly

Dungeon Overview and Level Annotations

Branches:
Dungeon (5/15)
 Temple: D:4-7

Altars:
Cheibriados
Fedhas
Qazlal
Zin

Shops:
D:4

* #.........
..........
#..........
#...........
#............
#.)..........
#.............
########......o.....
#..@oo..............
#####....#..........
######..........
##.........
####........
##..##.......
##............
##.............
####.....######...


You could see an orc priest and an orc wizard.


Message History

A worker ant comes into view.
The goblin closely misses you.
You hit the goblin.
The goblin is moderately wounded.
The goblin hits you but does no damage.
You closely miss the goblin.
The goblin is moderately wounded.
The goblin hits you but does no damage.
You closely miss the goblin.
The goblin is moderately wounded.
The goblin barely misses you.
You barely miss the goblin. You grab the goblin. You squeeze the goblin.
You kill the goblin!
Found a robe.
The orc priest shouts!
An orc comes into view.
The orc priest mumbles some strange prayers to Beogh against you.
Something smites you!
The orc wizard points at you and mumbles some strange words.
The magic dart hits you! The orc wizard casts a spell at you.
The magic dart hits you!
* * * LOW HITPOINT WARNING * * *
Aiming: Freeze
Aim: an orc priest, wielding a hand axe You freeze the orc priest.
The orc priest is severely wounded.
The orc priest calls down the wrath of Beogh upon you.
Something smites you!
You die...

Action                   |  1- 3 |  4- 6 |  7- 9 || total
-------------------------+-------+-------+-------++-------
Melee: Unarmed           |    57 |     2 |       ||    59
       Dagger            |       |   121 |     8 ||   129
 Fire: Blowgun           |       |     6 |       ||     6
 Cast: Freeze            |    22 |    45 |     4 ||    71
  Use: Scroll            |     5 |    12 |       ||    17
       Potion            |       |     1 |       ||     1
 Stab: Sleeping          |     4 |     7 |       ||    11
  Eat: Chunk             |     2 |    11 |       ||    13

Vault maps used:
D:1:      dpeg_arrival_stone_temple_mockup, minmay_misc_feat_square,
          minivault_27, st_stairs_1
D:2:      cheibriados_altar_wand_db
D:3:      first_bread, uniq_jessica
D:4:      grunt_temple_overflow_forces_of_nature, lemuel_crystal_altar,
          serial_shops, shop, minmay_door_square, uniq_iyjb
D:5:      grunt_dithmenos_smoke_and_mirrors, nicolae_ru_the_path_less_chosen,
          temple_pool_a, enter_ossuary_3

Notes
Turn   | Place    | Note
--------------------------------------------------------------
     0 | D:1      | RobertPalmer, the Octopode Ice Elementalist, began the quest for the Orb.
     0 | D:1      | Reached XP level 1. HP: 11/11 MP: 3/3
   283 | D:1      | Reached XP level 2. HP: 17/17 MP: 4/4
   356 | D:1      | HP: 1/17 [giant newt (1)]
  1064 | D:2      | Reached skill level 4 in Ice Magic
  1064 | D:2      | Reached XP level 3. HP: 21/21 MP: 3/6
  1378 | D:2      | Reached XP level 4. HP: 27/27 MP: 0/7
  1608 | D:2      | Found a snail-covered altar of Cheibriados.
  1621 | D:2      | Reached skill level 5 in Ice Magic
  2037 | D:2      | Learned a level 3 spell: Ozocubu's Armour
  2135 | D:3      | Reached XP level 5. HP: 20/31 MP: 3/9
  2398 | D:3      | Noticed Jessica
  2407 | D:3      | Killed Jessica
  2407 | D:3      | Reached skill level 6 in Ice Magic
  3081 | D:4      | Reached XP level 6. HP: 36/36 MP: 6/10
  3222 | D:4      | Found a glowing silver altar of Zin.
  3251 | D:4      | Found a blossoming altar of Fedhas.
  3305 | D:4      | Found a stormy altar of Qazlal.
  3352 | D:4      | Reached skill level 7 in Ice Magic
  3373 | D:4      | Noticed Ijyb
  3386 | D:4      | Killed Ijyb
  3401 | D:4      | Found Uchum's Assorted Antiques.
  3410 | D:4      | Bought a tourmaline ring for 145 gold pieces
  4697 | D:5      | Entered Level 5 of the Dungeon
  4702 | D:5      | Reached XP level 7. HP: 41/41 MP: 12/12
  4868 | D:5      | Killed from afar by an orc priest

Vanquished Creatures
  An ogre (D:4)
  3 orc priests
  A jelly (D:3)
  An iguana (D:4)
  2 worker ants
  Ijyb (D:4)
  Jessica (D:3)
  A gnoll (D:2)
  7 adders
  3 worms
  An adder skeleton (D:4)
  A giant gecko (D:1)
  15 orcs
  A ball python (D:2)
  8 bats
  4 giant cockroaches
  7 hobgoblins
  4 jackals (D:4)
  5 kobolds
  A giant gecko skeleton (D:4)
  4 giant newts
  13 goblins
  10 rats
95 creatures vanquished.
